 Dungeon Crawl Stone Soup version 0.31.0-11-ge490571c62 (webtiles) character file.

Game seed: 6792165319372556984

109 qw the Skirmisher (level 4, -1/25 HPs)
             Began as a Deep Elf Hunter on Feb 3, 2024.
             Incinerated by a bombardier beetle (3 damage)
             ... with a burning spray
             ... on level 3 of the Dungeon.
             The game lasted 00:00:04 (952 turns).

qw the Skirmisher (Deep Elf Hunter)                  Turns: 952, Time: 00:00:04

Health: -1/25      AC:  5    Str: 10    XL:     4   Next: 60%
Magic:  6/6        EV: 11    Int: 14    God:
Gold:   95         SH:  0    Dex: 18    Spells: 3/3 levels left

rFire   . . .        a - +0 shortbow (freeze)
rCold   . . .        (shield currently unavailable)
rNeg    . . .        d - +0 ring mail
rPois   +            (no helmet)
rElec   .            (no cloak)
rCorr   .            (no gloves)
SInv    .            (no boots)
Will    .....        (no amulet)
Stlth   +            g - ring of poison resistance
HPRegen 0.24/turn    (no ring)
MPRegen 0.10/turn

%: no passive effects
@: on fire, glowing
A: no striking features
a: no special abilities


You were on level 3 of the Dungeon.
You visited 1 branch of the dungeon, and saw 3 of its levels.

You collected 95 gold pieces.


   Skills:
 - Level 1.5 Fighting
 + Level 8.0 Ranged Weapons
 - Level 2.4 Dodging
 - Level 1.2 Stealth


You had 3 spell levels left.
You didn't know any spells.
Your spell library was empty.

Inventory:

Hand Weapons
 a - a +0 shortbow of freezing (weapon)
Armour
 d - a +0 ring mail (worn)
Jewellery
 g - a ring of poison resistance (left hand)
Potions
 f - a potion of curing

Dungeon Overview and Level Annotations

Branches:
Dungeon (3/15)

Altars:


Message History

You are covered in liquid fire!
You shoot an arrow.
The arrow hits the bombardier beetle but does no damage.
The bombardier beetle is almost dead.
The liquid fire burns you!
You shoot an arrow.
The arrow barely misses the bombardier beetle.
The liquid fire burns you!
You shoot an arrow.
The arrow barely misses the bombardier beetle.
The liquid fire burns you!
You shoot an arrow.
The arrow hits the bombardier beetle but does no damage.
The bombardier beetle is almost dead.
The liquid fire burns you!
947 ||| DRINKING potion of heal wounds.
You feel much better. The liquid fire burns you!
You shoot an arrow.
The arrow hits the bombardier beetle but does no damage.
The bombardier beetle is almost dead.
The liquid fire burns you!
An adder comes into view.
You shoot an arrow. The adder hisses angrily.
The arrow hits the bombardier beetle.
The arrow freezes the bombardier beetle.
You kill the bombardier beetle!
The liquid fire burns you!
You have reached level 4!
You feel clever.
You shoot an arrow. The arrow hits the adder.
The adder seems to slow down.
The arrow freezes the adder.
The adder is moderately wounded.
The liquid fire burns you!
You shoot an arrow. The arrow hits the adder!
The arrow freezes the adder.
You kill the adder!
The liquid fire burns you!
Your Ranged Weapons skill increases to level 8!
You are on fire!
The liquid fire burns you!
You die...

... $.[ ... .. #.#
#.# ... #%# #.###
.... #.###....
..$.$##.#...## #
..$...%@.....# ..
....%........# ##.#
.............##...#
..).............#
......#.###...####
#####...###.%....#
##......####.#
##...#...# .#
#...%..## #


There were no monsters in sight!

Vanquished Creatures
  A bombardier beetle (D:3)
  4 adders
  A dart slug (D:1)
  5 ball pythons
  2 bats
  An endoplasm (D:2)
  4 giant cockroaches
  4 goblins
  4 hobgoblins
  3 jackals (D:1)
  2 kobolds (D:2)
  A quokka (D:1)
  2 frilled lizards (D:2)
  4 rats
38 creatures vanquished.

Notes
Turn   | Place    | Note
-------+----------+-------------------------------------------
     0 | D:1      | qw the Deep Elf Hunter began the quest for the Orb.
     0 | D:1      | Reached XP level 1. HP: 12/12 MP: 3/3
     0 | D:1      | 0 ||| qw: Version: 0.3-a-157-g843a77d
     0 | D:1      | 0 ||| qw: Game counter: 3935
     0 | D:1      | 0 ||| qw: Melee chars always use a shield: true
     0 | D:1      | 0 ||| qw: God list: Okawaru
     0 | D:1      | 0 ||| qw: Allow faded altars: false
     0 | D:1      | 0 ||| qw: Do Orc after clearing Dungeon:15 true
     0 | D:1      | 0 ||| qw: Do second Lair branch before Depths: true
     0 | D:1      | 0 ||| qw: Lair rune preference: random
     0 | D:1      | 0 ||| qw: Goals: Normal
     0 | D:1      | 0 ||| PLANNING D:1-11
   127 | D:1      | Reached XP level 2. HP: 16/16 MP: 4/4
   129 | D:1      | Reached skill level 6 in Ranged Weapons
   406 | D:1      | 406 ||| UPGRADING to +0 ring mail.
   416 | D:1      | 416 ||| DROPPING +0 leather armour.
   417 | D:1      | 417 ||| READING scroll labelled QARUW GETOADGH.
   417 | D:1      | 417 ||| BRANDING +0 shortbow.
   418 | D:1      | 418 ||| DROPPING scroll of butterflies.
   601 | D:2      | Reached XP level 3. HP: 20/20 MP: 5/5
   861 | D:2      | 861 ||| UPGRADING to ring of poison resistance.
   862 | D:2      | 862 ||| READING 3 scrolls labelled CUKHLO CAGU.
   862 | D:2      | 862 ||| IDENTIFYING fizzy cyan potion
   863 | D:2      | 863 ||| READING 2 scrolls of identify.
   863 | D:2      | 863 ||| IDENTIFYING purple potion
   864 | D:2      | 864 ||| READING scroll of identify.
   864 | D:2      | 864 ||| IDENTIFYING 4 bubbling pink potions
   865 | D:2      | 865 ||| READING scroll labelled PUPNAF REIDUT.
   866 | D:2      | 866 ||| DROPPING 4 potions of attraction.
   885 | D:3      | Reached skill level 7 in Ranged Weapons
   946 | D:3      | HP: 1/20 [burnt (5)]
   947 | D:3      | 947 ||| DRINKING potion of heal wounds.
   950 | D:3      | Reached XP level 4. HP: 8/25 MP: 6/6
   951 | D:3      | HP: 1/25 [burnt (5)]
   952 | D:3      | Reached skill level 8 in Ranged Weapons
   952 | D:3      | Incinerated by a bombardier beetle

Levels and vault maps discovered:
D:1:      co_arrival_square_in_a_square_in_a_square, layout_rooms
D:2:      layout_rooms
D:3:      layout_rooms, serial_shops, shop, nicolae_shop_real_fake_doors,
          minmay_between

Skill      XL: |  1  2  3  4 |
---------------+-------------+-----
Ranged Weapons | 6 7 8 |  8.0
Fighting       | |  1.5
Dodging        | |  2.4
Stealth        | |  1.2

Action                     |  1- 3 |  4- 6 || total
---------------------------+-------+-------++-------
   Fire: Shortbow          |   111 |     2 ||   113
    Use: Scroll            |     5 |       ||     5
         Potion            |     1 |       ||     1
 Armour: Leather armour    |     1 |       ||     1
         Ring mail         |    25 |       ||    25
  Dodge: Dodged            |    27 |       ||    27

Table legend:
 A = Non-vault XP
 B = Vault XP
 C = Vault XP percentage of total XP
 D = Non-vault monster count
 E = Vault monster count
 F = Vault count percentage of total count
                 A         B        C        D         E       F
            +---------+---------+-------+---------+---------+-------
      Total |     157 |       0 |   0.0 |      38 |       0 |   0.0
            +---------+---------+-------+---------+---------+-------
        D:1 |      25 |       0 |   0.0 |      12 |       0 |   0.0
        D:2 |      37 |       0 |   0.0 |      17 |       0 |   0.0
        D:3 |      95 |       0 |   0.0 |       9 |       0 |   0.0
            +---------+---------+-------+---------+---------+-------
